 Dungeon Crawl Stone Soup version 0.16-a0-1816-g2c93a98 (webtiles) character file.

154 wvc the Poker (level 5, -3/39 HPs)
             Began as a Demonspawn Gladiator on Nov 3, 2014.
             Slain by an orc
             ... wielding a +0 flail
              (8 damage)
             ... on level 4 of the Dungeon.
             The game lasted 00:05:16 (2936 turns).

wvc the Poker (Demonspawn Gladiator)                Turns: 2936, Time: 00:05:16

Health: -3/39      AC:  4    Str: 16    XL:     5   Next: 13%
Magic:  5/5        EV: 11    Int: 15    God:
Gold:   83         SH:  3    Dex: 13    Spells: 0 memorised, 4 levels left

rFire  . . .     SeeInvis .     a - +0 trident
rCold  + . .     Clarity  .     b - +0 leather armour
rNeg   . . .     SustAb   .     m - +0 buckler
rPois  .         Gourm    .     (helmet restricted)
rElec  .         Spirit   .     (no cloak)
rCorr  .         Warding  .     (no gloves)
rMut   .         Stasis   .     (no boots)
MR     .....                    g - amulet of faith
Stlth  +.........               (no ring)
                                k - ring of protection from cold

@: brilliant, not resistant to hostile enchantments, very unstealthy
A: horns 1, rugged brown scales 1, spiny 1
a: no special abilities


You were on level 4 of the Dungeon.
You were not hungry.

You visited 1 branch of the dungeon, and saw 4 of its levels.

You collected 83 gold pieces.

Inventory:

Hand weapons
 a - a +0 trident (weapon)
Missiles
 f - 2 throwing nets (quivered)
Armour
 b - a +0 leather armour (worn)
 c - a +0 helmet
 m - a +0 buckler (worn)
Jewellery
 g - an amulet of faith (around neck)
 k - a ring of protection from cold (left hand)
Scrolls
 e - a scroll of recharging
 i - 2 scrolls of identify
 j - a scroll of remove curse
Comestibles
 d - a meat ration


   Skills:
 - Level 2.0 Fighting
 * Level 5.3 Polearms
 - Level 1.7 Throwing
 - Level 2.6 Dodging


You had 4 spell levels left.
You didn't know any spells.

Dungeon Overview and Level Annotations

Branches:
Dungeon (4/15)
 Temple: D:4-7

Altars:

Annotations:
D:3 Sigmund
D:4 Grinder


Innate Abilities, Weirdness & Mutations

You have a pair of small horns on your head.
You are partially covered in rugged brown scales (AC +1, +3% HP).
You are partially covered in sharp spines.


Message History

You hit the orc.
The orc is moderately wounded.
The orc hits you but does no damage.
You closely miss the orc. You headbutt the orc, but do no damage.
The orc is moderately wounded.
The orc misses you.
You hit the orc. Your headbutt misses the orc.
The orc is almost dead.
You block the orc's attack.
You completely miss the orc. You headbutt the orc.
You kill the orc!
Your shield prevents you from hitting the orc.
The orc hits you with a flail.
* * * LOW HITPOINT WARNING * * *
You aren't carrying any potions.
Read which item? (? for menu, Esc to quit)
As you read the scroll labeled KEIMPA XUISCH, it crumbles to dust.
You feel blessed for a moment.
It was a scroll of remove curse.
The orc hits you with a flail!
You die...

...o.....#
#.......# #r.o<#
##.o.# ##.o##
##..# #..##
....#######...##
........@o5o...#
...###########...#
#..# #.# .#


You could see Grinder and 2 orcs.

Vanquished Creatures
  An orc wizard (D:2)
  Ijyb (D:3)
  A gnoll (D:1)
  3 adders (D:2)
  A worm (D:2)
  2 giant geckos
  2 oozes
  6 orcs
  7 bats
  6 goblins
  3 hobgoblins (D:1)
  12 kobolds
  2 ball pythons
  A giant newt (D:2)
  4 jackals (D:2)
  2 quokkas
  5 rats
59 creatures vanquished.

Notes
Turn   | Place    | Note
--------------------------------------------------------------
     0 | D:1      | wvc, the Demonspawn Gladiator, began the quest for the Orb.
     0 | D:1      | Reached XP level 1. HP: 16/16 MP: 1/1
    43 | D:1      | Reached skill level 3 in Polearms
   251 | D:1      | Gained mutation: You are partially covered in sharp spines. [demonic ancestry]
   251 | D:1      | Reached XP level 2. HP: 22/22 MP: 2/2
   912 | D:1      | Reached XP level 3. HP: 12/27 MP: 3/3
  1356 | D:2      | Reached skill level 4 in Polearms
  1966 | D:2      | Gained mutation: You have a pair of small horns on your head. [demonic ancestry]
  1966 | D:2      | Reached XP level 4. HP: 23/33 MP: 4/4
  2338 | D:3      | Noticed Ijyb
  2351 | D:3      | Killed Ijyb
  2351 | D:3      | Reached skill level 5 in Polearms
  2590 | D:2      | Gained mutation: You are partially covered in rugged brown scales (AC +1, +3% HP). [demonic ancestry]
  2590 | D:2      | Reached XP level 5. HP: 17/39 MP: 5/5
  2867 | D:3      | Noticed Grinder
  2868 | D:3      | Noticed Sigmund
  2878 | D:3      | Paralysed by Grinder for 3 turns
  2936 | D:4      | Slain by an orc

Action                   |  1- 3 |  4- 6 || total
-------------------------+-------+-------++-------
Melee: Trident           |   118 |    88 ||   206
Throw: Throwing net      |       |     3 ||     3
  Use: Potion            |     1 |     1 ||     2
       Scroll            |       |     4 ||     4
 Stab: Held in net/web   |       |     2 ||     2
  Eat: Chunk             |     3 |       ||     3
       Bread ration      |       |     1 ||     1
       Pizza             |       |     1 ||     1
